 Dungeon Crawl Stone Soup version 0.30-a0-374-g95c0257040 (webtiles) character file.

Game seed: 11193040404130671828

4821 pokeman the Thaumaturge (level 10, -2/56 HPs)
             Began as a Deep Elf Hedge Wizard on Nov 25, 2022.
             Was a Believer of Vehumet.
             Constricted to death by Maurice (12 damage)
             ... on level 8 of the Dungeon.
             The game lasted 00:18:01 (8770 turns).

pokeman the Thaumaturge (Deep Elf Hedge Wizard)     Turns: 8770, Time: 00:18:02

Health: -2/56      AC:  8    Str:  7    XL:     10   Next: 24%
Magic:  23/29      EV:  9    Int: 24    God:    Vehumet [**....]
Gold:   235        SH:  0    Dex: 14    Spells: 26/35 levels left

rFire   . . .      SeeInvis .    I - +7 flail (protect)
rCold   . . .      Faith    .    (no shield)
rNeg    + . .      Spirit   .    w - +3 leather armour {rN+}
rPois   .          Reflect  .    c - +0 hat
rElec   .          Harm     .    y - +0 cloak
rCorr   .          Rampage  .    v - +0 pair of gloves
Will    ++...                    (no boots)
Stlth   ++........               (no amulet)
HPRegen 0.29/turn                D - ring of willpower
MPRegen 0.21/turn                (no ring)

@: grasped by roots, constricted
A: no striking features
a: Renounce Religion


You were on level 8 of the Dungeon.
You worshipped Vehumet.
Vehumet was pleased with you.
You visited 2 branches of the dungeon, and saw 9 of its levels.

You collected 439 gold pieces.
You spent 204 gold pieces at shops.

Inventory:

Hand Weapons
 o - a +1 short sword of venom
 I - a +7 flail of protection (weapon)
 J - a +2 quarterstaff of chaos
 K - a +0 longbow
Armour
 c - a +0 hat (worn)
 v - a +0 pair of gloves (worn)
 w - a +3 leather armour of positive energy (worn)
 y - a +0 cloak (worn)
 F - a +0 leather armour of cold resistance
 O - +0 steam dragon scales
Magical Staves
 A - a staff of earth
Jewellery
 D - a ring of willpower (left hand)
 G - the ring "Fedduly" {Fly Str+9 Int-4}
   (You found it on level 6 of the Dungeon)

   [ring of flight]

   Str:       It affects your strength (+9).
   Int:       It affects your intelligence (-4).
   Fly:       It grants you flight.
Wands
 C - a wand of roots (4)
 E - a wand of flame (13)
Scrolls
 b - 10 scrolls of identify
 g - 2 scrolls of poison {unknown}
 h - 7 scrolls of teleportation {unknown}
 j - a scroll of torment {unknown}
 l - a scroll of butterflies {unknown}
 n - a scroll of vulnerability {unknown}
 t - 3 scrolls of immolation {unknown}
 u - 2 scrolls of silence {unknown}
 x - 3 scrolls of amnesia {unknown}
 B - a scroll of magic mapping {unknown}
 H - a scroll of noise {unknown}
 N - a scroll of fear {unknown}
Potions
 a - 2 potions of brilliance
 d - 2 potions of magic
 e - 2 potions of berserk rage {unknown}
 f - 2 potions of mutation {unknown}
 i - 2 potions of curing {unknown}
 k - 3 potions of heal wounds {unknown}
 m - 2 potions of might {unknown}
 p - a potion of degeneration {unknown}
 q - 2 potions of ambrosia {unknown}
 r - a potion of cancellation {unknown}
 s - a potion of lignification {unknown}
 z - a potion of resistance {unknown}
 L - a potion of flight {unknown}
 M - a potion of haste {unknown}


   Skills:
 - Level 4.0 Fighting
 + Level 3.3 Armour
 - Level 3.0 Dodging
 - Level 3.3 Stealth
 * Level 13.2 Spellcasting
 + Level 7.5 Conjurations
 - Level 1.1 Summonings
 - Level 1.1 Translocations
 + Level 5.6 Fire Magic
 - Level 2.0 Air Magic
 - Level 1.0 Earth Magic
 - Level 1.0 Poison Magic
 - Level 1.2 Evocations


You had 26 spell levels left.
You knew the following spells:

 Your Spells              Type           Power      Damage    Failure   Level
a - Magic Dart            Conj           100%       1d8       1%          1
b - Mephitic Cloud        Conj/Pois/Air  32%        N/A       4%          3
c - Call Imp              Summ           21%        N/A       5%          2
d - Blink                 Tloc           42%        N/A       5%          2
e - Foxfire               Conj/Fire      100%       2x1d9     1%          1

Your spell library contained the following spells:

 Spells                   Type           Power      Damage    Failure   Level
 Momentum Strike          Conj/Tloc      72%        3d10      1%          2
 Apportation              Tloc           42%        N/A       3%          1
 Summon Small Mammal      Summ           84%        N/A       3%          1
 Dazzling Flash           Conj/Hex       66%        N/A       3%          3
 Necrotise                Necr           60%        1d7       5%          1
 Slow                     Hex            60%        N/A       5%          1
 Cigotuvi's Dreadful Rot  Necr/Pois/Air  40%        N/A       5%          2
 Call Canine Familiar     Summ           21%        N/A       11%         3
 Portal Projectile        Hex/Tloc       36%        N/A       13%         3
 Confusing Touch          Hex            15%        N/A       17%         3
 Summon Lightning Spire   Summ/Air       23%        N/A       28%         4
 Manifold Assault         Tloc           21%        N/A       34%         4
 Leda's Liquefaction      Hex/Erth       9%         N/A       41%         4
 Summon Ice Beast         Ice/Summ       18%        N/A       41%         4
 Cause Fear               Hex            7%         N/A       50%         4
 Summon Forest            Summ/Tloc      10%        N/A       69%         5
 Silence                  Hex/Air        10%        N/A       71%         5
 Summon Mana Viper        Hex/Summ       18%        N/A       77%         5
 Agony                    Necr           15%        N/A       83%         5
 Dispersal                Tloc           10%        N/A       99%         6
 Summon Cactus Giant      Summ           10%        N/A       99%         6
 Disjunction              Tloc           10%        N/A       100%        8


Dungeon Overview and Level Annotations

Branches:
Dungeon (8/15)             Temple (1/1) D:4            Lair (0/5) D:8

Altars:
Ashenzari
Cheibriados
Dithmenos
Elyvilon
Makhleb
Nemelex Xobeh
Ru
Sif Muna
Vehumet
Wu Jian
Xom
Yredelemnul
Zin
The Shining One

Shops:
D:1 *   D:4 =   D:5 ?

Annotations:
D:7 3 runed translucent doors, pokeman's ghost, novice DEHW
D:8 Maurice


Message History

Aiming: Mephitic Cloud (dangerous; 4% risk of failure)
Press: ? - help, Shift-Dir - straight line, f - deep elf pyromancer
Aim: a deep elf pyromancer, wielding a +0 long sword and wearing a +0 leather armour (moderately wounded, chance to affect: 58%)
The ball explodes into a vile cloud!
The stinking cloud engulfs the deep elf pyromancer but does no damage.
The deep elf pyromancer is moderately wounded.
The deep elf pyromancer is engulfed in noxious fumes.
The deep elf pyromancer appears confused.
The deep elf pyromancer mumbles something.
Maurice gestures wildly while chanting.
Maurice flickers and vanishes!
Deactivating autopickup; reactivate with Ctrl-A.
Casting: Mephitic Cloud (dangerous; 4% risk of failure)
Confirm with . or Enter, or press ? or * to list all spells.
You conjure some foxfire!
The deep elf pyromancer is engulfed in noxious fumes.
The deep elf pyromancer appears confused.
You hear a zap.
The roots erupt in riotous growth!
The deep elf pyromancer is unaffected.
Your foxfire is unaffected.
The grasping roots grab you!
You are constricted.
You hear a shout!
Casting: Foxfire (safe; 1% risk of failure)
Confirm with . or Enter, or press ? or * to list all spells.
You don't know that spell.
The roots grasp on you weakens, but your attempt to escape fails.
The foxfire hits the deep elf pyromancer.
The deep elf pyromancer is moderately wounded.
The foxfire hits the deep elf pyromancer but does no damage.
The deep elf pyromancer is moderately wounded.
The deep elf pyromancer grins madly.
You hear a whirring sound.
A sling bullet appears from out of thin air!
The sling bullet hits you!
* * * LOW HITPOINT WARNING * * *
The sling bullet burns you.
* * * LOW HITPOINT WARNING * * *
You are constricted!
You die...

.#
.#........#..................
..
#........#......############
# .......#.#.#..###
.......#.#.#....#
..§.{☼○#.#.#.##.#
.....☼☼#.....##.# #○e...###.#
#.....###.######
#..@...........#
......>§....###......
###########....#...≈...#...
###.....### #...#..#...#..#..
##.........###...#.##...##.#
#...........#....#.....P...#
#...........##...#≈...>...≈#
...≈.....#...#...#....P....#
...≈.....#...#...#.##...##.#


You could see a deep elf pyromancer (confused).

Vanquished Creatures
  A hornet (D:8)
  Grinder (D:6)
  2 wyverns (D:8)
  7 yaks (D:8)
  2 steam dragons
  Menkaure (D:6)
  2 water moccasins
  Duvessa (D:6)
  An orc warrior (D:8)
  3 black bears
  An ogre (D:7)
  A phantom (D:4)
  2 bullfrogs
  A necrophage (D:7)
  3 scorpions
  3 wights (D:8)
  Dowan (D:6)
  7 howler monkeys
  Crazy Yiuf (D:6)
  5 orc priests
  4 hounds
  4 jellies
  2 gnoll boudas
  4 iguanas
  4 orc wizards
  9 gnolls
  5 adders
  2 white imps
  3 dart slugs
  25 orcs
  3 ball pythons
  5 endoplasms
  A giant cockroach (D:1)
  3 goblins
  3 hobgoblins
  4 quokkas
  A bat (D:1)
  A frilled lizard (D:1)
  6 kobolds
  8 rats
143 creatures vanquished.

Vanquished Creatures (collateral kills)
  Eustachio (D:4)
  2 orcs (D:5)
  A hobgoblin (D:4)
4 creatures vanquished.

Vanquished Creatures (others)
  281 foxfires
  2 fungi (D:8)
  6 plants (D:8)
289 creatures vanquished.

Grand Total: 436 creatures vanquished

Notes
Turn   | Place    | Note
-------+----------+-------------------------------------------
     0 | D:1      | pokeman the Deep Elf Hedge Wizard began the quest for the
                  | Orb.
     0 | D:1      | Reached XP level 1. HP: 10/10 MP: 7/7
    65 | D:1      | Found a faded altar of an unknown god.
   236 | D:1      | Reached XP level 2. HP: 15/15 MP: 5/9
   280 | D:1      | Found Teotwec's Assorted Antiques.
  1212 | D:2      | Reached skill level 5 in Spellcasting
  1212 | D:2      | Reached XP level 3. HP: 20/20 MP: 3/11
  1216 | D:2      | Learned a level 3 spell: Mephitic Cloud
  1219 | D:2      | Learned a level 2 spell: Call Imp
  1222 | D:2      | Learned a level 2 spell: Blink
  1962 | D:3      | Reached skill level 1 in Armour
  2103 | D:1      | Bought a wizard robe for 148 gold pieces
  2103 | D:1      | Identified the +1 robe "Goawocu" {Int+6} (You bought it in
                  | a shop on level 1 of the Dungeon)
  2291 | D:3      | Reached skill level 1 in Fighting
  2946 | D:4      | Noticed a scorpion
  2956 | D:4      | Reached XP level 4. HP: 23/25 MP: 3/13
  2957 | D:4      | Killed a scorpion
  3001 | D:4      | Reached skill level 6 in Spellcasting
  3109 | D:4      | Found a staircase to the Ecumenical Temple.
  3118 | Temple   | Entered the Ecumenical Temple
  3206 | Temple   | Became a worshipper of Vehumet
  3233 | D:4      | Reached XP level 5. HP: 29/29 MP: 3/15
  3402 | D:4      | Noticed Eustachio
  3653 | D:4      | Found Ytaxuf's Jewellery Shop.
  3927 | D:4      | Killed Eustachio
  3928 | D:4      | Reached skill level 1 in Air Magic
  3928 | D:4      | Reached XP level 6. HP: 9/34 MP: 4/17
  4063 | D:5      | Entered Level 5 of the Dungeon
  4083 | D:5      | Reached skill level 7 in Spellcasting
  4084 | D:5      | Reached skill level 1 in Poison Magic
  4181 | D:4      | Reached XP level 7. HP: 30/38 MP: 7/20
  4428 | D:5      | Reached skill level 8 in Spellcasting
  4869 | D:5      | Found Doyr's Magic Scroll Shoppe.
  4873 | D:5      | Bought a scroll of identify for 28 gold pieces
  4873 | D:5      | Bought a scroll of identify for 28 gold pieces
  5491 | D:6      | Got Egaf's Excursus on Hexes and the Escort
  5587 | D:6      | Reached * piety under Vehumet
  5587 | D:6      | Offered knowledge of Foxfire by Vehumet.
  5590 | D:6      | Learned a level 1 spell: Foxfire
  5626 | D:6      | Noticed Menkaure
  5633 | D:6      | Killed Menkaure
  5634 | D:6      | Reached skill level 9 in Spellcasting
  5634 | D:6      | Reached skill level 1 in Earth Magic
  5634 | D:6      | Reached XP level 8. HP: 26/45 MP: 17/23
  5669 | D:6      | Reached skill level 1 in Evocations
  5808 | D:6      | Noticed Dowan
  5809 | D:6      | Noticed Duvessa
  5820 | D:6      | Killed Duvessa
  5824 | D:6      | Reached skill level 1 in Fire Magic
  5833 | D:6      | Reached skill level 5 in Conjurations
  5841 | D:6      | Killed Dowan
  5963 | D:6      | Found a runed translucent door.
  5964 | D:6      | Noticed Crazy Yiuf
  6022 | D:6      | Identified the ring "Fedduly" {Fly Str+9 Int-4}
  6059 | D:6      | Noticed Grinder
  6072 | D:6      | Killed Grinder
  6073 | D:6      | Reached skill level 10 in Spellcasting
  6689 | D:6      | Killed Crazy Yiuf
  6891 | D:7      | Reached XP level 9. HP: 50/52 MP: 22/25
  6907 | D:7      | Found a burning altar of Makhleb.
  7044 | D:7      | Found a runed translucent gate.
  7044 | D:7      | Found a runed translucent gate.
  7044 | D:7      | Found a runed translucent gate.
  7046 | D:7      | Noticed pokeman's ghost (novice DEHW)
  7303 | D:7      | Reached skill level 11 in Spellcasting
  7545 | D:8      | Reached ** piety under Vehumet
  7545 | D:8      | Offered knowledge of Poisonous Vapours by Vehumet.
  7841 | D:8      | Reached skill level 12 in Spellcasting
  8087 | D:8      | Reached skill level 5 in Fire Magic
  8133 | D:8      | Reached XP level 10. HP: 9/56 MP: 22/28
  8366 | D:8      | Offered knowledge of Momentum Strike by Vehumet.
  8367 | D:8      | Reached skill level 13 in Spellcasting
  8542 | D:8      | Paralysed by a hornet for 1 turns
  8680 | D:8      | Found a staircase to the Lair.
  8761 | D:8      | Noticed a deep elf pyromancer
  8762 | D:8      | Noticed Maurice
  8770 | D:8      | Constricted to death by Maurice

Illustrated notes

Levels and vault maps discovered:
D:1:      heliophobic_arrival_enchanted_forest, layout_basic, serial_shops,
          shop, shapermc_ecumenical_altar_starsandcircs, grunt_decor_clamped
D:2:      layout_loops_ring, kennysheep_generic_room_2
D:3:      layout_loops_ring, nrook_loot_triangle
D:4:      layout_cave_pools, minmay_temple_entry_butterflies, serial_shops,
          shop, kennysheep_diamond, uniq_eustachio
D:5:      minmay_spotlight, layout_basic, serial_shops, shop,
          kennysheep_minor_cross
D:6:      layout_basic, uniq_menkaure, uniq_grinder, uniq_crazy_yiuf_cottage,
          uniq_duvessa
D:7:      layout_loops_ring, overflow_temple_1_default,
          ebering_ghost_rock_garden, minmay_holes
D:8:      layout_basic, nicolae_qazlal_eye_of_the_storm, dpeg_oklobed_lair,
          roderic_roman_lattice, grunt_potential, uniq_maurice
Temple:   eino_temple_rhombus

Skill      XL: |  1  2  3  4  5  6  7  8  9 10 |
---------------+-------------------------------+-----
Spellcasting   | 5 6 7 9 10 12 13 | 13.2
Armour         | 1 2 3 |  3.3
Fighting       | 1 2 3 4 |  4.0
Conjurations   | 2 3 4 5 7 |  7.5
Dodging        | 3 |  3.0
Stealth        | 3 |  3.3
Air Magic      | 1 2 |  2.0
Poison Magic   | 1 |  1.0
Earth Magic    | 1 |  1.0
Evocations     | 1 |  1.2
Fire Magic     | 3 5 |  5.6
Summonings     | |  1.1
Translocations | |  1.1

Action                   |  1- 3 |  4- 6 |  7- 9 | 10-12 || total
-------------------------+-------+-------+-------+-------++-------
Melee: Dagger            |     8 |       |       |       ||     8
       Morningstar       |     3 |    23 |    10 |       ||    36
       Short sword       |       |       |    31 |       ||    31
       Flail             |       |       |    48 |    29 ||    77
 Cast: Magic Dart        |    90 |    39 |    96 |       ||   225
       Mephitic Cloud    |     1 |     6 |    22 |     5 ||    34
       Call Imp          |     1 |     2 |     1 |       ||     4
       Foxfire           |       |       |   142 |    16 ||   158
 Stab: Sleeping          |     1 |       |       |       ||     1
       Confused          |       |     3 |    10 |     4 ||    17
Armor: Leather armour    |     4 |     2 |    51 |    12 ||    69
       Robe              |     1 |     5 |       |       ||     6
Dodge: Dodged            |    20 |    29 |    77 |    30 ||   156

Table legend: (Time is in decaauts)
 A = Elapsed time spent in this place.
 B = Non-inter-level travel time spent in this place.
 C = Inter-level travel time spent in this place.
 D = Time resting spent in this place.
 E = Time spent auto-exploring this place.
 F = Levels seen in this place.
 G = Mean time per level.
                   A        B        C        D        E       F      G
               +--------+--------+--------+--------+--------+-----+--------+
         Total |   8832 |   8434 |    398 |    423 |   6662 |   9 |  981.3 |
       Dungeon |   8733 |   8344 |    389 |    423 |   6587 |   8 | 1091.6 |
        Temple |     98 |     89 |      9 |      0 |     75 |   1 |   98.0 |
               +--------+--------+--------+--------+--------+-----+--------+

Top non-repeatable levels by time:
     D:6: 1350 daAuts
     D:8: 1271 daAuts
     D:5: 1261 daAuts
     D:1: 1058 daAuts
     D:4: 1052 daAuts
     D:3: 1028 daAuts
     D:2: 920 daAuts
     D:7: 790 daAuts
  Temple: 98 daAuts
